 Dungeon Crawl Stone Soup version 0.31-a0-188-g5e087ee2ca (webtiles) character file.

Game seed: 8846009310284722038

28 qw the Shooter (level 3, -3/20 HPs)
             Began as a Deep Elf Hunter on June 23, 2023.
             Slain by a gnoll
             ... wielding a +1 flail of protection
              (7 damage)
             ... on level 2 of the Dungeon.
             The game lasted 00:00:16 (820 turns).

qw the Shooter (Deep Elf Hunter)                     Turns: 820, Time: 00:00:17

Health: -3/20      AC:  3    Str:  9 (10) XL:     3   Next: 0%
Magic:  5/5        EV: 12    Int: 11 (13) God:
Gold:   21         SH:  0    Dex: 15 (18) Spells: 2/2 levels left

rFire   . . .        Y - +0 shortbow
rCold   . . .        (shield currently unavailable)
rNeg    . . .        c - +0 leather armour
rPois   .            (no helmet)
rElec   .            (no cloak)
rCorr   .            (no gloves)
SInv    .            (no boots)
Will    .....        (no amulet)
Stlth   ++           (no ring)
HPRegen 0.23/turn    (no ring)
MPRegen 0.09/turn

%: no passive effects
@: no status effects
A: no striking features
a: no special abilities


You were on level 2 of the Dungeon.
You visited 1 branch of the dungeon, and saw 2 of its levels.

You collected 54 gold pieces.
You spent 33 gold pieces at shops.


   Skills:
 - Level 1.5 Fighting
 + Level 6.6 Ranged Weapons
 - Level 2.4 Dodging
 - Level 1.2 Stealth


You had 2 spell levels left.
You didn't know any spells.
Your spell library was empty.

Inventory:

Hand Weapons
 Y - a +0 shortbow (weapon)
Armour
 c - a +0 leather armour (worn)
Scrolls
 a - a scroll of enchant weapon {unknown}
Potions
 b - a potion of curing
 f - a potion of haste {unknown}

Dungeon Overview and Level Annotations

Branches:
Dungeon (2/15)

Altars:

Shops:
D:2 !


Message History

You shoot an arrow. The arrow hits the gnoll.
The gnoll shouts!
The gnoll is moderately wounded.
You shoot an arrow. The arrow hits the gnoll.
The gnoll is heavily wounded.
You shoot an arrow.
The arrow hits the gnoll but does no damage.
The gnoll is heavily wounded.
A gnoll comes into view. It is wielding a +0 whip.
You shoot an arrow. The arrow barely misses the gnoll.
The gnoll shouts!
A gnoll comes into view.
It is wielding a +1 flail of protection.
You shoot an arrow.
The arrow hits the gnoll but does no damage.
A gnoll comes into view. It is wielding a +0 flail.
You shoot an arrow. The arrow barely misses the gnoll.
The gnoll shouts!
You shoot an arrow. The arrow hits the gnoll.
The gnoll is moderately wounded.
You shoot an arrow. The arrow hits the gnoll!
The gnoll is severely wounded.
You shoot an arrow. The arrow hits the gnoll.
The gnoll is severely wounded.
You shoot an arrow.
The arrow hits the gnoll but does no damage.
The gnoll is severely wounded.
You shoot an arrow. The arrow hits the gnoll!
You kill the gnoll!
The gnoll hits you from afar with a +0 spear.
You have reached level 3!
Your experience leads to an increase in your attributes!
Your base attributes are Str 8, Int 13, Dex 18.
Increase (S)trength, (I)ntelligence, or (D)exterity?
You feel stronger. x2
You shoot an arrow.
The arrow hits the gnoll but does no damage.
The gnoll is severely wounded.
The gnoll closely misses you. The gnoll hits you with a +0 flail!
The gnoll hits you with a +1 flail of protection!
You die...

#...#..##.##..# #
..####...#...#.##.## #
........#.#.#.##.#
.##.......#.#.#.#..#
..........#.#.#.#..#.#.#
..........%............#
.......$....####.#...#.#
.....ggg........>..###
...#@#..#####.#.# ..
#..#.# #.#.# #\.#.#
#.#.# #.##.# #....
.....# ####. #######


You could see 3 gnolls.

Vanquished Creatures
  A gnoll (D:2)
  2 endoplasms (D:1)
  3 giant cockroaches (D:1)
  4 goblins
  A hobgoblin (D:1)
  A quokka (D:1)
  3 bats
  A frilled lizard (D:1)
  2 rats (D:1)
18 creatures vanquished.

Notes
Turn   | Place    | Note
-------+----------+-------------------------------------------
     0 | D:1      | qw the Deep Elf Hunter began the quest for the Orb.
     0 | D:1      | Reached XP level 1. HP: 12/12 MP: 3/3
     0 | D:1      | 0 ||| qw: Version: 0.3-a-9-g12657ce
     0 | D:1      | 0 ||| qw: Game counter: 3828
     0 | D:1      | 0 ||| qw: Always use a shield: true
     0 | D:1      | 0 ||| qw: God list: Okawaru
     0 | D:1      | 0 ||| qw: Allow faded altars: false
     0 | D:1      | 0 ||| qw: Do Orc after D:15 true
     0 | D:1      | 0 ||| qw: Do second Lair branch before Depths: true
     0 | D:1      | 0 ||| qw: Lair rune preference: random
     0 | D:1      | 0 ||| qw: Plans: Normal
     0 | D:1      | 0 ||| PLANNING D:1-11
   174 | D:1      | Reached skill level 6 in Ranged Weapons
   174 | D:1      | Reached XP level 2. HP: 16/16 MP: 4/4
   723 | D:1      | 723 ||| READING scroll labelled NOTIETEMUJ.
   724 | D:1      | 724 ||| DRINKING 3 bubbling clear potions.
   725 | D:1      | 725 ||| DROPPING scroll of butterflies.
   726 | D:1      | 726 ||| DROPPING 2 potions of degeneration.
   792 | D:2      | Found Tegoak's Distillery.
   807 | D:2      | 807 ||| SHOPLISTING 2 potions of haste (220 gold, have 54).
   807 | D:2      | 807 ||| SHOPLISTING 2 potions of mutation (176 gold, have
                  | 54).
   807 | D:2      | 807 ||| SHOPLISTING potion of cancellation (88 gold, have
                  | 54).
   807 | D:2      | 807 ||| BUYING potion of curing (33 gold).
   807 | D:2      | Bought a potion of curing for 33 gold pieces
   807 | D:2      | 807 ||| SHOPLISTING potion of haste (110 gold, have 21).
   807 | D:2      | 807 ||| SHOPLISTING potion of might (44 gold, have 21).
   820 | D:2      | Reached XP level 3. HP: 12/20 MP: 5/5
   820 | D:2      | HP: 4/20 [gnoll/+0 flail (9)]
   820 | D:2      | Slain by a gnoll

Levels and vault maps discovered:
D:1:      dpeg_arrival_water_temple_mockup, layout_loops_ring, glass_columns_a
D:2:      layout_basic, serial_shops, shop, supply_closet_lemuel,
          uniq_crazy_yiuf_cottage

Skill      XL: |  1 |
---------------+----+-----
Ranged Weapons | 6 |  6.6
Fighting       | |  1.5
Dodging        | |  2.4
Stealth        | |  1.2

Action                     || total
---------------------------++-------
   Fire: Shortbow          ||    61
    Use: Scroll            ||     1
         Potion            ||     1
 Armour: Leather armour    ||     3
  Dodge: Dodged            ||    21

Table legend:
 A = Non-vault XP
 B = Vault XP
 C = Vault XP percentage of total XP
 D = Non-vault monster count
 E = Vault monster count
 F = Vault count percentage of total count
                 A         B        C        D         E       F
            +---------+---------+-------+---------+---------+-------
      Total |      41 |       0 |   0.0 |      18 |       0 |   0.0
            +---------+---------+-------+---------+---------+-------
        D:1 |      25 |       0 |   0.0 |      15 |       0 |   0.0
        D:2 |      16 |       0 |   0.0 |       3 |       0 |   0.0
            +---------+---------+-------+---------+---------+-------
